 Dungeon Crawl Stone Soup version 0.19.1 (webtiles) character file.

118 Malachi the Poker (level 4, 0/35 HPs)
             Began as a Demonspawn Chaos Knight on Dec 8, 2016.
             Slain by Sigmund
             ... wielding a +0 scythe
              (2 damage)
             ... on level 2 of the Dungeon.
             The game lasted 00:02:52 (2343 turns).

Malachi the Poker (Demonspawn Chaos Knight)         Turns: 2343, Time: 00:02:52

Health: 0/35       AC:  6    Str: 13    XL:     4   Next: 72%
Magic:  4/4        EV: 12    Int: 13    God:    Xom [...*..]
Gold:   134        SH:  0    Dex: 13    Spells: 0 memorised, 3 levels left

rFire  . . .     SeeInvis .     a - +0 spear (chaos)
rCold  + . .     Gourm    .     b - +2 leather armour
rNeg   . . .     Faith    .     (no shield)
rPois  .         Spirit   .     n - +1 hat
rElec  .         Reflect  .     (no cloak)
rCorr  .         Harm     .     (no gloves)
MR     .....                    (no boots)
Stlth  ++........               (no amulet)
                                (no ring)
                                (no ring)

@: no status effects
A: antennae 1, claws 1, cold resistance 1
a: Renounce Religion


You were on level 2 of the Dungeon.
You worshipped Xom.
You were a favourite toy of Xom.
You were not hungry.

You visited 1 branch of the dungeon, and saw 2 of its levels.

You collected 134 gold pieces.

Inventory:

Hand Weapons
 a - a +0 spear of chaos (weapon)
Armour
 b - a +2 leather armour (worn)
 n - a +1 hat (worn)
Scrolls
 e - a scroll of remove curse {unknown}
 f - 2 scrolls of identify {unknown}
 g - a scroll of immolation {unknown}
 i - 3 scrolls of amnesia {unknown}
 o - a scroll of teleportation {unknown}
Potions
 d - a potion of lignification
 k - a potion of might {unknown}
 l - a potion of berserk rage {unknown}
Comestibles
 c - 2 bread rations
 m - a meat ration
 p - a beef jerky


   Skills:
 + Level 3.5 Fighting
 + Level 3.6 Polearms
 + Level 2.2 Armour
 + Level 1.7 Dodging
 + Level 1.5 Stealth


You had 3 spell levels left.
You didn't know any spells.

Dungeon Overview and Level Annotations

Branches:
Dungeon (2/15)

Altars:

Annotations:
D:2 Sigmund


Innate Abilities, Weirdness & Mutations

You have a pair of small antennae on your head.
You have sharp fingernails.
Your flesh is cold resistant. (rC+)


Message History

Attack whom?
Press: ? - help, Dir - move target cursor, f/p - Sigmund
Aim: Sigmund, wielding a scythe and wearing a robe (lightly wounded)
You reach to attack!
You hit Sigmund.
There is a sudden explosion of sparks!
Sigmund is severely wounded.
Attack whom?
Press: ? - help, Dir - move target cursor, f/p - Sigmund
Aim: Sigmund, wielding a scythe and wearing a robe (severely wounded)
You reach to attack!
You closely miss Sigmund.
Sigmund is severely wounded.
Sigmund hits you from afar with a scythe!
* * * LOW HITPOINT WARNING * * *
Attack whom?
Press: ? - help, Dir - move target cursor, f/p - Sigmund
Aim: Sigmund, wielding a scythe and wearing a robe (severely wounded)
You reach to attack!
You barely miss Sigmund.
Sigmund is severely wounded.
Sigmund hits you from afar with a scythe.
You die...
Xom bursts into laughter!

#...#†#.......###.#.#<.#.##
#.#......####.###.#.##.#
#.#.............#.#.. .#
.........####.#.#.##.# #
..#.#......<..#.#.. .# #.
#.#.#.#..#..#.#.### .# #.#
#.#)#.#.......#.####.###.#
#.#.#.#....##.#...@....#.#
..#.#.#.#.......@....# #.#
###)#.#.....#.########.#.#
....#.#..........#####.#.#####
.#....#...###.##.##..#.......#
..........###.##.##..###.###.#
...............#.....#.....#.####
.........).##..####.##)#.#.#>....
.........).##.....#....#.........
....######.)#.###.######...######


You could see Sigmund.

Vanquished Creatures
  Natasha (D:2)
  Robin (D:2)
  2 adders (D:2)
  A worm (D:2)
  A dart slug (D:2)
  2 leopard geckos (D:1)
  2 giant cockroaches
  12 goblins
  8 hobgoblins
  4 jackals (D:1)
  3 kobolds
  2 ball pythons
  7 bats
  3 frilled lizards
  8 rats
57 creatures vanquished.

Vanquished Creatures (others)
  A rat (D:1)
1 creature vanquished.

Grand Total: 58 creatures vanquished

Notes
Turn   | Place    | Note
-------+----------+-------------------------------------------
     0 | D:1      | Malachi the Demonspawn Chaos Knight began the quest for the Orb.
     0 | D:1      | Reached XP level 1. HP: 18/18 MP: 1/1
   134 | D:1      | Gained mutation: Your flesh is cold resistant. (rC+) [demonic ancestry]
   134 | D:1      | Reached XP level 2. HP: 22/24 MP: 2/2
   454 | D:1      | Reached skill level 1 in Dodging
   716 | D:1      | XOM: cast spell 'Statue Form'
   777 | D:1      | XOM: mild Pois miscast
   854 | D:2      | XOM: medium Pois miscast
   861 | D:2      | Gained mutation: You have a pair of small antennae on your head. [demonic ancestry]
   861 | D:2      | Reached XP level 3. HP: 19/29 MP: 3/3
  1249 | D:2      | Reached skill level 1 in Stealth
  1637 | D:2      | Noticed Robin
  1647 | D:2      | Gained mutation: You have sharp fingernails. [demonic ancestry]
  1647 | D:2      | Reached XP level 4. HP: 11/35 MP: 4/4
  1658 | D:2      | XOM: blink monster(s)
  1677 | D:2      | Killed Robin
  2045 | D:2      | Noticed Natasha
  2047 | D:2      | XOM: enchant monster (bad)
  2052 | D:2      | HP: 1/35 [Natasha (8)]
  2059 | D:2      | Killed Natasha
  2333 | D:2      | Noticed Sigmund
  2343 | D:2      | Slain by Sigmund

Skill      XL: |  1  2  3 |
---------------+----------+-----
Polearms       | 3 |  3.6
Dodging        | 1 |  1.7
Armour         | 2 |  2.2
Stealth        | 1 |  1.5
Fighting       | |  3.5

Action                   |  1- 3 |  4- 6 || total
-------------------------+-------+-------++-------
Melee: Spear             |   174 |    75 ||   249
  Use: Potion            |       |     3 ||     3
 Stab: Sleeping          |     3 |     2 ||     5
       Paralysed         |     1 |       ||     1
       Confused          |     1 |       ||     1
       Petrified         |       |     8 ||     8
       Petrifying        |       |     1 ||     1
  Eat: Chunk             |     2 |     3 ||     5
Armor: Leather armour    |    41 |     7 ||    48
       Skin              |       |    30 ||    30
Dodge: Dodged            |    75 |    24 ||    99
